 Dungeon Crawl Stone Soup version 0.30.1-11-g7821555f0a (webtiles) character file.

Game seed: 9382419720865613412

22 Martska the Trooper (level 2, 0/31 HPs)
             Began as an Ogre Gladiator on Dec 4, 2023.
             Was a Follower of the Shining One.
             Succumbed to an adder's poison
             ... on level 2 of the Dungeon.
             The game lasted 00:02:08 (1065 turns).

Martska the Trooper (Ogre Gladiator)                Turns: 1065, Time: 00:02:09

Health: 0/31       AC:  3    Str: 17    XL:     2   Next: 91%
Magic:  2/2        EV: 10    Int:  9    God:    the Shining One [*.....]
Gold:   44         SH:  0    Dex: 10    Spells: 1/1 levels left

rFire   + . .        a - +0 flail
rCold   . . .        (no shield)
rNeg    . . .        b - +0 robe
rPois   .            c - +0 hat
rElec   .            (no cloak)
rCorr   .            (gloves unavailable)
SInv    .            (boots unavailable)
Will    .....        (no amulet)
Stlth   +            k - ring of protection from fire
HPRegen 0.25/turn    (no ring)
MPRegen 0.08/turn

%: no passive effects
@: lethally poisoned (0 -> -2), flying, glowing
A: large, unfitting armour, tough skin 1
a: Renounce Religion, Divine Shield


You were on level 2 of the Dungeon.
You worshipped the Shining One.
The Shining One was aware of your devotion.
You visited 1 branch of the dungeon, and saw 2 of its levels.

You collected 44 gold pieces.

Inventory:

Hand Weapons
 a - a +0 flail (weapon)
Missiles
 d - 3 throwing nets (quivered)
 e - a large rock
Armour
 b - a +0 robe (worn)
 c - a +0 hat (worn)
Jewellery
 k - a ring of protection from fire (left hand)
Scrolls
 f - a scroll of poison {unknown}
 i - 2 scrolls of teleportation {unknown}
 j - a scroll of summoning {unknown}
 l - a scroll of enchant weapon {unknown}
 m - a scroll of identify {unknown}
Potions
 g - a potion of flight
 h - a potion of ambrosia {unknown}
 n - a potion of magic {unknown}
 p - a potion of might {unknown}


   Skills:
 * Level 3.2 Fighting
 * Level 3.0 Maces & Flails
 - Level 2.2 Throwing
 * Level 3.0 Dodging


You had one spell level left.
You didn't know any spells.
Your spell library contained the following spells:

 Spells                   Type           Power      Damage    Failure   Level
 Magic Dart               Conj           0%         1d3       38%         1
 Call Imp                 Summ           0%         N/A       52%         2
 Mephitic Cloud           Conj/Pois/Air  0%         N/A       77%         3


Dungeon Overview and Level Annotations

Branches:
Dungeon (2/15)

Altars:
The Shining One

Shops:
D:1 [


Innate Abilities, Weirdness & Mutations

You are too large for most types of armour.
You have tough skin. (AC +1)


Message History

You are too injured to fight recklessly!
You are too injured to fight recklessly!
There are monsters nearby!
It was a potion of flight.
You feel very buoyant.
You fly up into the air.
You feel sick.
You are no longer poisoned.
The worm closely misses you. The adder bites you.
* * * LOW HITPOINT WARNING * * *
You are poisoned.
The adder poisons you!
It was a potion of curing.
You feel better. The adder closely misses you. The worm bites you.
You barely miss the adder. The adder bites you.
You are poisoned.
The adder poisons you! The adder misses you.
You hit the adder but do no damage.
You feel sick. The adder bites you but does no damage. The worm bites you!
The Shining One protects you from harm! The adder bites you but does no damage.
You closely miss the adder.
You feel sick. The adder closely misses you. The worm bites you.
* * * LOW HITPOINT WARNING * * *
You feel better. The adder closely misses you. The worm bites you.
The adder bites you.
You closely miss the adder. The adder bites you.
* * * LOW HITPOINT WARNING * * *
You closely miss the adder. The adder barely misses you.
The worm closely misses you. The adder bites you.
* * * LOW HITPOINT WARNING * * *
You are poisoned.
The adder poisons you!
You hit the adder.
The adder is lightly wounded.
You feel sick. The adder bites you.
* * * LOW HITPOINT WARNING * * *
The worm closely misses you. The adder closely misses you.
You hit the adder.
The adder is heavily wounded.
You die...

.#.......###
.....#.....###...#.
.............+....#### .
.#+#...#.....#.......#..
.........#.#.#..........
.......#.......#......#.
............#..........#
.....#.#...##...........
.....###...##...@S.....#
#..........##.#..w##....
#....###......##..# .
#.. ####.####>.# #.#
##.# #.# .# ..# .# ###
.#


You could see a worm and an adder.

Vanquished Creatures
  2 ball pythons
  3 endoplasms
  2 giant cockroaches
  2 goblins (D:1)
  2 hobgoblins
  A frilled lizard (D:1)
  4 kobolds (D:1)
  3 rats
19 creatures vanquished.

Notes
Turn   | Place    | Note
-------+----------+-------------------------------------------
     0 | D:1      | Martska the Ogre Gladiator began the quest for the Orb.
     0 | D:1      | Reached XP level 1. HP: 22/22 MP: 1/1
   126 | D:1      | Found Neggub's Antique Armour Emporium.
   267 | D:1      | Reached XP level 2. HP: 29/29 MP: 2/2
   401 | D:1      | Found a faded altar of an unknown god.
   875 | D:1      | Prayed at the altar of an unknown god.
   875 | D:1      | Became a worshipper of the Shining One
   875 | D:1      | Reached * piety under the Shining One
  1059 | D:2      | The Shining One protects you from harm!
  1064 | D:2      | HP: 1/31 [adder (4)]
  1065 | D:2      | Succumbed to an adder's poison

Illustrated notes

Levels and vault maps discovered:
D:1:      sevenhm_arrival_forest_fort_small_4, layout_loops_ring, serial_shops,
          nicolae_shop_tiny_statue_garden, shapermc_ecumenical_altar_venn
D:2:      layout_basic, nicolae_underground_beach

Skill      XL: |  1  2 |
---------------+-------+-----
Fighting       | 3 |  3.2
Maces & Flails | 3 |  3.0
Dodging        | 3 |  3.0
Throwing       | |  2.2

Action                     || total
---------------------------++-------
  Melee: Flail             ||    68
    Use: Potion            ||     3
 Armour: Robe              ||    22
  Dodge: Dodged            ||    37
